 Dungeon Crawl Stone Soup version 0.28-a0-1213-g0243856f03 (webtiles) character file.

Game seed: 2474756108534235767

2305 Mamutox the Covert (level 9, -3/41 HPs)
             Began as a Spriggan Enchanter on Dec 21, 2021.
             Was a Follower of Dithmenos.
             Slain by a vampire mosquito (12 damage)
             ... on level 7 of the Dungeon.
             The game lasted 00:37:12 (7108 turns).

Mamutox the Covert (Spriggan Enchanter)             Turns: 7108, Time: 00:37:12

Health: -3/41      AC:  2    Str:  4    XL:     9   Next: 18%
Magic:  22/23      EV: 20    Int: 20    God:    Dithmenos [*.....]
Gold:   447        SH:  0    Dex: 16    Spells: 20/27 levels left

rFire   . . .      SeeInvis +   a - +1 dagger
rCold   . . .      Faith    .   (shield restricted)
rNeg    . . .      Spirit   .   r - +0 robe {Archmagi}
rPois   .          Reflect  .   (helmet restricted)
rElec   .          Harm     .   (no cloak)
rCorr   .          Rampage  .   (gloves unavailable)
Will    +....      Archmagi +   (boots unavailable)
Stlth   ++++++....              (no amulet)
HPRegen 0.13/turn               (no ring)
MPRegen 0.18/turn               (no ring)

@: wreathed by umbra, very quick
A: very small, no large weapons, unfitting armour, see invisible, speed 3
a: Renounce Religion


You were on level 7 of the Dungeon.
You worshipped Dithmenos.
Dithmenos was aware of your devotion.
You visited 2 branches of the dungeon, and saw 8 of its levels.

You collected 447 gold pieces.

Inventory:

Hand Weapons
 a - a +1 dagger (weapon)
 h - a +0 hunting sling
Missiles
 e - 101 arrows
 f - 199 stones (quivered)
 t - 41 poisoned darts
 v - 22 sling bullets
 x - 28 bolts
Armour
 r - a +0 robe of the Archmagi (worn)
Jewellery
 w - a ring of fire
Wands
 y - a wand of polymorph (8)
Scrolls
 g - a scroll of immolation {unknown}
 i - 3 scrolls of blinking {unknown}
 j - a scroll of magic mapping {unknown}
 k - 4 scrolls of teleportation {unknown}
 m - 2 scrolls of amnesia {unknown}
 n - a scroll of brand weapon {unknown}
 p - 2 scrolls of silence {unknown}
 s - 2 scrolls of noise {unknown}
 u - a scroll of vulnerability {unknown}
Potions
 b - a potion of mutation {unknown}
 c - 3 potions of invisibility
 d - 2 potions of lignification
 l - a potion of flight
 o - a potion of might
 q - 2 potions of curing


   Skills:
 - Level 1.0 Fighting
 - Level 2.3 Short Blades
 - Level 6.1 Dodging
 + Level 12.6 Stealth
 + Level 9.6 Spellcasting
 - Level 4.1 Hexes
 + Level 2.6 Translocations


You had 20 spell levels left.
You knew the following spells:

 Your Spells              Type           Power      Damage    Failure   Level
a - Ensorcelled Hibernat  Hex/Ice        52%        N/A       4%          2
b - Confusing Touch       Hex            39%        N/A       4%          3
c - Blink                 Tloc           60%        N/A       3%          2

Your spell library contained the following spells:

 Spells                   Type           Power      Damage    Failure   Level
 Tukima's Dance           Hex            39%        N/A       4%          3
 Lesser Beckoning         Tloc           30%        N/A       8%          3
 Dazzling Flash           Conj/Hex       52%        N/A       10%         3
 Static Discharge         Conj/Air       14%        N/A       11%         2
 Manifold Assault         Tloc           30%        N/A       56%         5
 Dispel Undead            Necr           14%        3d10      58%         4
 Sticky Flame             Conj/Fire      14%        2d4       58%         4
 Summon Forest            Summ/Tloc      11%        N/A       75%         5
 Eringya's Noxious Bog    Tmut/Pois      7%         N/A       100%        6
 Storm Form               Tmut/Air       7%         N/A       100%        7
 Summon Hydra             Summ           7%         N/A       100%        7


Dungeon Overview and Level Annotations

Branches:
Dungeon (7/15)             Temple (1/1) D:4

Altars:
Ashenzari
Cheibriados
Dithmenos
Elyvilon
Fedhas
Hepliaklqana
Kikubaaqudgha
Makhleb
Nemelex Xobeh
Okawaru
Qazlal
Sif Muna
Trog
Uskayaw
Wu Jian
Yredelemnul
Zin
The Shining One
Beogh

Shops:
D:4 :*


Innate Abilities, Weirdness & Mutations

You are very small and have problems with some larger weapons.
You are too small for most types of armour.
You have supernaturally acute eyesight. (SInv)
You cover ground extremely quickly. (Speed+++)


Message History

You see here a vampire mosquito corpse.
Magic restored.
HP restored.
Done exploring.
There is a stone staircase leading down here.
Casting: Confusing Touch (dangerous; 4% risk of failure)
Confirm with . or Enter, or press ? or * to list all spells.
You feel a surge of power!
Your hands begin to glow red.
You climb downwards.
The vampire mosquito misses you. The vampire mosquito bites you!
The vampire mosquito draws strength from your injuries!
There is a stone staircase leading up, spattered with blood here.
You closely miss the vampire mosquito. The vampire mosquito misses you.
The vampire mosquito bites you.
The vampire mosquito draws strength from your injuries!
You hit the vampire mosquito but do no damage.
The vampire mosquito misses you.
The vampire mosquito completely misses you.
You hit the vampire mosquito but do no damage.
The vampire mosquito misses you.
The vampire mosquito completely misses you.
You closely miss the vampire mosquito. The vampire mosquito barely misses you.
You closely miss the vampire mosquito. The vampire mosquito bites you!
The vampire mosquito draws strength from your injuries!
The vampire mosquito barely misses you.
You barely miss the vampire mosquito.
The vampire mosquito bites you but does no damage.
The vampire mosquito misses you.
You hit the vampire mosquito but do no damage.
The vampire mosquito appears confused.
The vampire mosquito misses you.
You barely miss the vampire mosquito. The vampire mosquito misses you. x2
You barely miss the vampire mosquito. The vampire mosquito barely misses you.
The vampire mosquito bites you!
* * * LOW HITPOINT WARNING * * *
The vampire mosquito draws strength from your injuries!
You hit the vampire mosquito.
The vampire mosquito is lightly damaged.
The vampire mosquito misses you. The vampire mosquito bites you!
You die...

.....##.....y.....###..# .##
#.....♣..>..♣...+...# ##
####...........##..##
##..#####..##†#.### .# ###
##.# .###.n...##.# #.## #.#
.##....#..#.# ...# #.#
.#..>.......# #.##
#.#####............#### #.#
#....y@................ #.#
#>########...#.....#### #.#
#.# ##.###....# #.# #.# #.#
##.#.# #.# #.# #.# #.#.# #.#
##.###### #<# ##.#.#
#.########.......####.###....#
#...........####.............#
##########..# ######.###...##


You could see a vampire mosquito (confused) and a necrophage.

Vanquished Creatures
  A troll (D:6)
  A steam dragon (D:7)
  A vampire mosquito (D:6)
  4 water moccasins
  A sky beast (D:7)
  A necrophage (D:5)
  2 ogres
  A phantom (D:7)
  3 bullfrogs
  2 scorpions
  3 killer bees (D:7)
  A bullfrog skeleton (D:6)
  A gnoll shaman (D:5)
  2 hounds
  A jelly (D:5)
  A centaur skeleton (D:6)
  An orc priest (D:3)
  3 iguanas (D:5)
  An orc wizard (D:3)
  A hound skeleton (D:4)
  A howler monkey zombie (D:5)
  8 gnolls
  3 adders
  A howler monkey skeleton (D:3)
  A shadow imp (D:6)
  2 adder skeletons (D:4)
  A dart slug (D:5)
  6 orcs
  6 bats
  5 endoplasms
  4 giant cockroaches
  6 goblins
  5 hobgoblins
  4 jackals
  5 kobolds
  3 quokkas
  7 ball pythons
  3 frilled lizards (D:1)
  5 rats
108 creatures vanquished.

Notes
Turn   | Place    | Note
-------+----------+-------------------------------------------
     0 | D:1      | Mamutox the Spriggan Enchanter began the quest for the Orb.
     0 | D:1      | Reached XP level 1. HP: 9/9 MP: 5/5
   368 | D:2      | Reached XP level 2. HP: 13/13 MP: 7/7
   371 | D:2      | Learned a level 2 spell: Ensorcelled Hibernation
   540 | D:1      | Found a faded altar of an unknown god.
   552 | D:1      | Reached skill level 5 in Stealth
   646 | D:1      | Reached XP level 3. HP: 10/16 MP: 1/8
   868 | D:2      | Learned a level 3 spell: Confusing Touch
  1229 | D:2      | Reached XP level 4. HP: 18/21 MP: 4/10
  1955 | D:3      | You fall into a shaft and drop 3 floors!
  1961 | D:6      | Reached skill level 6 in Stealth
  1991 | D:5      | Entered Level 5 of the Dungeon
  2017 | D:5      | Reached XP level 5. HP: 22/24 MP: 9/12
  2044 | D:5      | Noticed an ogre
  2100 | D:5      | Killed an ogre
  2101 | D:5      | Reached skill level 7 in Stealth
  2101 | D:5      | Reached skill level 5 in Spellcasting
  2209 | D:5      | Reached XP level 6. HP: 28/28 MP: 10/15
  2254 | D:4      | Found Janixzott's Elemental Accessories.
  2278 | D:4      | Found a staircase to the Ecumenical Temple.
  2288 | Temple   | Entered the Ecumenical Temple
  2625 | Temple   | Became a worshipper of Dithmenos the Shadowed
  3227 | D:3      | Found an iron altar of Okawaru.
  3307 | D:3      | Reached skill level 1 in Fighting
  3902 | D:4      | Found Zaumit's Book Boutique.
  4090 | D:4      | Found a glowing silver altar of Zin.
  4160 | D:5      | Found a basalt altar of Yredelemnul.
  4340 | D:5      | Noticed a water moccasin
  4382 | D:5      | Killed a water moccasin
  4383 | D:5      | Reached skill level 5 in Dodging
  4541 | D:5      | Reached XP level 7. HP: 33/33 MP: 16/16
  4845 | D:5      | Reached skill level 8 in Stealth
  5361 | D:5      | Found a sparkling altar of Nemelex Xobeh.
  5384 | D:5      | Learned a level 2 spell: Blink
  5563 | D:6      | Reached skill level 9 in Stealth
  5862 | D:6      | Reached * piety under Dithmenos
  5863 | D:6      | Reached XP level 8. HP: 37/37 MP: 16/19
  6002 | D:6      | Noticed a troll
  6048 | D:6      | Killed a troll
  6049 | D:6      | Reached skill level 10 in Stealth
  6601 | D:7      | Reached skill level 11 in Stealth
  6758 | D:7      | Reached skill level 12 in Stealth
  6811 | D:7      | Reached XP level 9. HP: 41/41 MP: 20/23
  6849 | D:7      | Reached skill level 1 in Translocations
  7108 | D:7      | Slain by a vampire mosquito

Illustrated notes

Levels and vault maps discovered:
D:1:      dpeg_arrival_long_road, layout_basic, chequers_ecumenical_altar_simple
D:2:      layout_rooms, serial_park_tiny_2
D:3:      layout_rooms, mainiacjoe_overflow_paths, kennysheep_orc_chapel
D:4:      layout_basic, zin_statuary, minmay_temple_entry_sparse_star,
          serial_shops, shop, nicolae_elemental_shop
D:5:      layout_basic, mainiacjoe_overflow_24_doors, amcnicky_altar_gilded
D:6:      layout_rooms
D:7:      layout_loops_ring, minivault_1, grunt_ministairs_15
Temple:   eino_narrow_crystal_temple

Skill      XL: |  1  2  3  4  5  6  7  8  9 |
---------------+----------------------------+-----
Spellcasting   | 3 4 5 6 9 |  9.6
Hexes          | 4 |  4.1
Dodging        | 3 6 |  6.1
Stealth        | 5 6 7 9 12 | 12.6
Short Blades   | 2 |  2.3
Fighting       | 1 |  1.0
Translocations | 2 |  2.6

Action                   |  1- 3 |  4- 6 |  7- 9 || total
-------------------------+-------+-------+-------++-------
Melee: Dagger            |    83 |   115 |    74 ||   272
Throw: Stone             |       |     3 |       ||     3
 Cast: Ensorcelled Hiber |    21 |    55 |    37 ||   113
       Confusing Touch   |       |     4 |     6 ||    10
  Use: Scroll            |       |     5 |       ||     5
 Stab: Sleeping          |    17 |    35 |    25 ||    77
       Distracted        |       |     2 |     1 ||     3
       Confused          |       |     3 |     5 ||     8
Armor: Robe              |    18 |     8 |     4 ||    30
Dodge: Dodged            |    72 |    76 |    69 ||   217

Table legend: (Time is in decaauts)
 A = Elapsed time spent in this place.
 B = Non-inter-level travel time spent in this place.
 C = Inter-level travel time spent in this place.
 D = Time resting spent in this place.
 E = Time spent auto-exploring this place.
 F = Levels seen in this place.
 G = Mean time per level.
                   A        B        C        D        E       F      G
               +--------+--------+--------+--------+--------+-----+--------+
         Total |   5319 |   5256 |     63 |      0 |   3274 |   8 |  664.9 |
       Dungeon |   5106 |   5052 |     54 |      0 |   3176 |   7 |  729.4 |
        Temple |    213 |    205 |      8 |      0 |     97 |   1 |  213.0 |
               +--------+--------+--------+--------+--------+-----+--------+

Top non-repeatable levels by time:
     D:5: 1193 daAuts
     D:6: 1078 daAuts
     D:1: 792 daAuts
     D:3: 731 daAuts
     D:2: 689 daAuts
     D:4: 413 daAuts
  Temple: 213 daAuts
     D:7: 208 daAuts
